 Dungeon Crawl Stone Soup version 0.31-a0-1225-g50297eb6a4 (webtiles) character file.

Game seed: 16366806942733842650

324551 night the Devastator (level 19, -3/177 HPs)
             Began as a Demigod Conjurer on Dec 12, 2023.
             Killed from afar by a spriggan air mage (28 damage)
             ... with a bolt of lightning
             ... led by the Enchantress
             ... on level 2 of the Depths on Dec 14, 2023.
             The game lasted 03:39:18 (64123 turns).

night the Devastator (Demigod Conjurer)            Turns: 64123, Time: 03:39:19

Health: -3/177     AC: 24    Str:  8    XL:     19   Next: 91%
Magic:  37/45      EV: 11    Int: 44    God:
Gold:   1529       SH: 11    Dex: 14    Spells: 7/50 levels left

rFire   . . .        N - staff of conjuration
rCold   . . .        t - +1 buckler {rPois}
rNeg    . . .        m - +4 ring mail of Avumot Cegia {Rampage Fly Regen+ SInv}
rPois   +            w - +1 hat "Ynau" {rPois Regen+ Dex+2}
rElec   .            D - +2 cloak {Will+}
rCorr   .            Y - +1 pair of gloves
SInv    +            v - +2 pair of boots
Will    ++...        p - amulet of reflection
Stlth   +            o - +4 ring of protection
HPRegen 2.09/turn    x - ring of wizardry
MPRegen 0.29/turn

%: reflection, rampage, wizardry (x1)
@: about to teleport, flying
A: high MP 1, forlorn, divine attributes
}: 2/15 runes: decaying, gossamer
a: no special abilities


You were on level 2 of the Depths.
You visited 8 branches of the dungeon, and saw 37 of its levels.
You visited 1 bazaar.
You also visited: Bailey and Desolation.

You collected 3563 gold pieces.
You spent 2034 gold pieces at shops.

Inventory:

Missiles
 B - 8 curare-tipped darts
 L - 2 throwing nets
Armour
 m - the +4 ring mail of Avumot Cegia (worn) {Rampage Fly Regen+ SInv}
   (You found it on level 12 of the Dungeon)

   SInv:      It lets you see invisible.
   Fly:       It grants you flight.
   Regen+:    It increases your rate of health regeneration.
   Rampage:   It bestows one free step when moving towards enemies.
 t - a +1 buckler of poison resistance (worn)
 v - a +2 pair of boots (worn)
 w - the +1 hat "Ynau" (worn) {rPois Regen+ Dex+2}
   (You bought it in a shop on level 3 of the Dungeon)

   Dex+2:     It affects your dexterity (+2).
   rPois:     It protects you from poison Regen+: It increases your rate of
   health regeneration.
 D - a +2 cloak of willpower (worn)
 Y - a +1 pair of gloves (worn)
Magical Staves
 N - a staff of conjuration (weapon)
Jewellery
 e - a +4 ring of protection
 f - a ring of see invisible
 g - a ring of magical power
 n - a ring of willpower
 o - a +4 ring of protection (left hand)
 p - an amulet of reflection (around neck)
 x - a ring of wizardry (right hand)
 G - a ring of positive energy
 I - an amulet of regeneration
 K - a ring of protection from cold
 R - a ring of magical power
 S - a +5 ring of evasion
 W - a ring of positive energy
Wands
 c - a wand of light (31)
 h - a wand of paralysis (42)
 s - a wand of mindburst (10)
 y - a wand of flame (91)
 J - a wand of roots (7)
 T - a wand of digging (13)
Scrolls
 b - 2 scrolls of fog
 i - 3 scrolls of enchant weapon
 l - a scroll of amnesia
 q - 4 scrolls of poison
 r - 3 scrolls of teleportation
 z - 2 scrolls of revelation
 Q - a scroll of silence
 Z - 3 scrolls of fear
Potions
 d - a potion of invisibility
 j - 5 potions of enlightenment
 k - 9 potions of curing
 u - 3 potions of ambrosia
 A - a potion of might
 C - 5 potions of attraction
 E - 9 potions of heal wounds
 F - 6 potions of resistance
 H - 4 potions of haste
 O - a potion of cancellation
 V - 2 potions of brilliance
 X - 3 potions of lignification
Miscellaneous
 M - a condenser vane
 P - a box of beasts


   Skills:
 + Level 17.2 Fighting
 - Level 12.0 Staves
 - Level 7.0 Armour
 - Level 5.4 Dodging
 - Level 1.7 Stealth
 - Level 5.0 Shields
 + Level 16.3 Spellcasting
 + Level 17.9 Conjurations
 - Level 3.4 Hexes
 - Level 8.0 Summonings
 - Level 2.0 Translocations
 + Level 0.8 Fire Magic
 - Level 4.0 Poison Magic
 - Level 7.0 Evocations


You had 7 spell levels left.
You knew the following spells:

 Your Spells              Type           Power      Damage    Failure   Level
a - Olgreb's Toxic Radia  Pois           63%        N/A       2%          4
b - Ignite Poison         Fire/Tmut/Pois 50%        N/A       1%          3
c - Iskenderun's Mystic   Conj/Tloc      100%       2d19      1%          4
d - Fulminant Prism       Conj/Hex       57%        3d24      1%          4
e - Orb of Destruction    Conj           69%        9d16      1%          7
f - Mephitic Cloud        Conj/Pois/Air  100%       N/A       1%          3
g - Spellforged Servitor  Conj/Summ      61%        N/A       4%          7
h - Freezing Cloud        Conj/Ice/Air   46%        6-21      2%          5
i - Starburst             Conj/Fire      54%        6d15      3%          6

Your spell library contained the following spells:

 Spells                   Type           Power      Damage    Failure   Level
 Magic Dart               Conj           100%       1d8       0%          1
 Searing Ray              Conj           100%       2d8       0%          2
 Freeze                   Ice            100%       1d10      1%          1
 Shock                    Conj/Air       100%       1d9       1%          1
 Slow                     Hex            100%       N/A       1%          1
 Blink                    Tloc           100%       N/A       1%          2
 Call Imp                 Summ           100%       N/A       1%          2
 Cigotuvi's Dreadful Rot  Necr/Pois/Air  94%        N/A       1%          2
 Ensorcelled Hibernation  Hex/Ice        100%       N/A       1%          2
 Lesser Beckoning         Tloc           100%       N/A       1%          2
 Momentum Strike          Conj/Tloc      100%       3d10      1%          2
 Passwall                 Tmut/Erth      29%        N/A       1%          2
 Confusing Touch          Hex            61%        N/A       1%          3
 Dazzling Flash           Conj/Hex       100%       N/A       1%          3
 Gell's Gravitas          Tloc           52%        N/A       1%          3
 Hailstorm                Conj/Ice       100%       3d16      1%          3
 Sigil of Binding         Hex            61%        N/A       1%          3
 Summon Guardian Golem    Hex/Summ       72%        N/A       1%          3
 Teleport Other           Tloc           52%        N/A       1%          3
 Volatile Blastmotes      Fire/Tloc      96%        2d18      1%          3
 Arcjolt                  Conj/Air       53%        1d63      1%          5
 Cause Fear               Hex            30%        N/A       2%          4
 Summon Ice Beast         Ice/Summ       63%        N/A       2%          4
 Frozen Ramparts          Ice            70%        1d11      3%          3
 Ozocubu's Armour         Ice            35%        N/A       3%          3
 Swiftness                Air            35%        N/A       3%          3
 Vampiric Draining        Necr           35%        2d8       3%          3
 Anguish                  Hex/Necr       25%        N/A       5%          4
 Vhi's Electric Charge    Tloc/Air       88%        N/A       8%          4
 Airstrike                Air            17%        2d(3-19)  11%         4
 Animate Dead             Necr           35%        N/A       11%         4
 Borgnjor's Vile Clutch   Necr/Erth      17%        N/A       28%         5
 Death Channel            Necr           17%        N/A       82%         6
 Simulacrum               Ice/Necr       17%        N/A       82%         6
 Enfeeble                 Hex            30%        N/A       89%         7
 Discord                  Hex            30%        N/A       100%        8
 Ignition                 Fire           21%        3d8       100%        8
 Maxwell's Capacitive Co  Air            17%        ∞         100%        8


Dungeon Overview and Level Annotations

Branches:
Dungeon (15/15)            Temple (1/1) D:6            Lair (5/5) D:10
  Swamp (4/4) Lair:3       Spider (4/4) Lair:2        Slime (0/5) Lair:4
    Orc (2/2) D:9             Elf (0/3) Orc:2        Vaults (4/5) D:14
  Crypt (0/3) Vaults:3     Depths (2/4) D:15         Bailey (visited)
Desolation (visited)

Shops:
D:3 [   D:15 (   Orc:2 [=:*(   Vaults:1 !   Vaults:2 *(

Portals:
Hell: Depths:1
Trove: D:14 (give 2 scrolls of acquirement)

Annotations:
D:3 1 runed translucent door, Mll's ghost, amateur GrBe
D:5 2 runed translucent doors
D:8 4 transporters
Lair:5 2 runed translucent doors
Depths:2 the Enchantress


Innate Abilities, Weirdness & Mutations

You have an increased reservoir of magic. (+10% MP)
You shall have no god before yourself.
Your divine heritage dramatically boosts your attributes as you level up.


Message History

Your spellforged servitor conjures an orb of pure magic.
The spriggan defender hits you with a +1 heavy flail!!
The spriggan air mage points at you and mumbles some strange words.
The bolt of lightning hits you!
The spriggan air mage waves its arms in wide circles.
The air twists around and strikes you!!
* * * LOW HITPOINT WARNING * * *
Your orb of destruction hits a rock wall.
You hear a horrible gurgling sound!
Casting: Iskenderun's Mystic Blast (safe; 1% risk of failure)
Confirm with . or Enter, or press ? or * to list all spells.
You feel a surge of power!
You erupt in a blast of force!
The mystic blast hits the spriggan air mage!
The spriggan air mage is moderately wounded.
The spriggan air mage is knocked back by the mystic blast.
The spriggan air mage collides with the spriggan air mage!
The spriggan air mage is moderately wounded.
The spriggan air mage is heavily wounded.
The mystic blast hits the spriggan defender!
The spriggan defender is moderately wounded.
The spriggan defender is knocked back by the mystic blast.
The spriggan defender collides with the spriggan air mage!
The spriggan air mage is severely wounded.
The spriggan defender is heavily wounded.
Your spellforged servitor conjures a glowing orb.
Unknown command.
The spriggan air mage waves its arms in wide circles.
The air twists around and strikes you!
* * * LOW HITPOINT WARNING * * *
The spriggan defender hits you with a +1 heavy flail!!
* * * LOW HITPOINT WARNING * * *
Blink to where?
Press: ? - help, Dir - move target
As you read the scroll of blinking, it crumbles to dust.
As you read the scroll of fog, it dissolves into smoke.
As you read the scroll of teleportation, it crumbles to dust.
You feel strangely unstable.
The spriggan air mage gestures at you while chanting.
The bolt of lightning hits you!!
You die...

..................####
######.##...........#
## #.........§#
#.....ii§§§#
##....§§§§i##
#.....§ii§.#
##...##§i..##
##...##i...##
##......@..##
#..........#
............#
............#
##.##....†..#
#...#.......#
.........<###
..#....†.# .##......#


You could see the Enchantress (fast, repels missiles), 3 spriggan defenders, a
spriggan air mage (repels missiles) and a spriggan.

Vanquished Creatures
  Nikola (Vaults:3)
  Zenata (Vaults:3)
  Mlioglotl (Lair:2)
  Rupert (D:15)
  3 sphinxes
  Kirke (D:15)
  Agnes (D:14)
  A fire giant (Depths:1)
  6 emperor scorpions
  3 vault wardens
  5 ghost moths
  Louise (Spider:4)
  2 ghouls
  An orc warlord (Orc:1)
  12 ironbound preservers
  3 formless jellyfish
  2 broodmothers
  6 very ugly things (Depths:1)
  2 ironbound thunderhulks
  6 eleionomae
  4 stone giants (Depths:1)
  11 dire elephants
  Azrael (D:15)
  4 ettins
  3 spark wasps
  A deep elf death mage (Vaults:1)
  2 shambling mangroves
  4 jiangshi
  5 entropy weavers
  A fire dragon (Depths:1)
  A rakshasa (Depths:1)
  4 yaktaur captains
  3 peacekeepers
  A servant of whispers (Vaults:1)
  3 great orbs of eyes
  A catoblepas (Lair:1)
  7 hydras
  8 vault guards
  3 ironbound frosthearts
  2 ice dragons (Depths:1)
  3 jorogumos
  4 ogre magi
  5 alligators
  5 ghost crabs
  Erica (D:8)
  17 two-headed ogres
  3 boulder beetles
  8 centaur warriors
  A death knight (D:15)
  3 deep troll earth magi (Depths:1)
  A tengu warrior (D:13)
  An orc high priest (Orc:2)
  2 occultists (Depths:1)
  2 vampire magi
  Urug (Lair:1)
  4 demonic crawlers
  A skyshark (Lair:2)
  An iron troll (Depths:1)
  9 skeletal warriors
  A storm dragon zombie (D:15)
  2 flayed ghosts
  A goliath frog (Swamp:4)
  A storm dragon skeleton (D:15)
  2 spriggan druids
  2 sun moths
  7 pharaoh ants
  A sea snake (shapeshifter) (Depths:2)
  23 deep trolls
  A glowing orange brain (Vaults:2)
  2 swamp dragons
  7 lindwurms
  12 steelbarb worms
  7 orb spiders
  4 bog bodies
  4 arcanists
  4 harpies (Vaults:1)
  5 ironbound convokers
  A spectral hydra (Swamp:4)
  A phantasmal warrior (Vaults:3)
  2 deep elf pyromancers
  6 ugly things
  13 wolf spiders
  A sphinx simulacrum (Vaults:2)
  2 orc knights (Orc:2)
  4 necromancers
  An orc sorcerer (Orc:2)
  Maurice (D:7)
  5 elephants (Lair:5)
  3 will-o-the-wisps
  3 manticores (D:13)
  A salamander (shapeshifter) (D:13)
  4 cyclopes
  2 kobold blastminers (Orc:2)
  A guardian serpent (Vaults:1)
  A slime creature (Vaults:3)
  6 black mambas
  7 vault sentinels
  An ice statue (Spider:2)
  Joseph (Lair:1)
  2 molten gargoyles (Lair:5)
  2 torpor snails (Spider:2)
  5 spectral spriggans (Swamp:1)
  2 unseen horrors
  13 komodo dragons
  2 rime drakes
  3 kobold demonologists
  13 yaktaurs
  10 cane toads
  A tengu conjurer (D:13)
  A swamp worm zombie (Swamp:4)
  3 trolls
  9 meliai
  2 polar bears
  5 bloated husks
  3 hydra zombies (Swamp:4)
  31 tarantellas
  4 tyrant leeches
  12 saltlings
  9 hornets
  21 blink frogs
  5 nameless horrors
  Grinder (D:5)
  14 dream sheep
  A tarantella (shapeshifter) (D:14)
  Prince Ribbit (D:6)
  Sigmund (D:3)
  15 jumping spiders
  A spriggan skeleton (D:15)
  A spectral swamp dragon (Swamp:4)
  24 culicivoras
  4 shadows
  2 wraiths (D:11)
  2 spriggans (Swamp:1)
  3 basilisks
  39 yaks
  6 wyverns
  6 hogs (D:15)
  A yak (shapeshifter) (D:15)
  Eustachio (D:4)
  11 vampire mosquitoes
  3 steam dragons
  45 redbacks
  12 swamp worms
  Menkaure (D:4)
  3 acid dragons
  A glowing shapeshifter zombie (Vaults:2)
  Edmund (D:5)
  Duvessa (D:5)
  11 water moccasins
  19 orc warriors
  6 hell hounds
  7 ice beasts
  A meliai simulacrum (D:15)
  A swamp drake (Swamp:2)
  2 black bears
  9 boggarts
  11 ogres
  16 wolves
  11 centaurs
  3 phantoms
  4 kobold brigands
  3 necrophages (Swamp:2)
  2 scorpions (D:5)
  Blork the orc (D:5)
  A gnoll sergeant (D:10)
  12 bullfrogs
  Dowan (D:5)
  14 killer bees (D:7)
  4 howler monkeys
  5 electric eels
  5 lava snakes (Lair:5)
  5 hounds
  10 orc priests
  A sleepcap (D:3)
  A jelly (D:5)
  15 orc wizards
  2 iguanas (D:5)
  A gnoll (D:1)
  10 adders
  4 white imps
  2 ufetubi (D:6)
  A worm (D:2)
  A dart slug (D:1)
  87 orcs
  4 ball pythons
  2 bats
  9 endoplasms
  2 giant cockroaches
  12 goblins
  8 hobgoblins
  22 kobolds
  3 quokkas
  A frilled lizard (D:3)
  4 rats
  A butterfly (Lair:4)
  4 fulminant prisms
1073 creatures vanquished.

Vanquished Creatures (collateral kills)
  A dread lich (Vaults:3)
  Bai Suzhen (Swamp:3)
  A bone dragon (Swamp:4)
  Arachne (Spider:2)
  Jorgrun (Swamp:1)
  Asterion (Spider:1)
  3 titans (Vaults:3)
  An ancient champion (Vaults:3)
  A sphinx (Vaults:3)
  A thorn hunter (Swamp:3)
  2 tengu reavers
  Aizul (Swamp:1)
  Roxanne (Spider:1)
  4 vault wardens
  An iron dragon (Depths:1)
  2 fire giants (Vaults:3)
  3 frost giants
  2 ghouls (Swamp:1)
  2 war gargoyles (Vaults:2)
  A formless jellyfish (Vaults:2)
  2 ironbound preservers
  2 very ugly things (Depths:1)
  5 stone giants
  2 ironbound thunderhulks
  5 eleionomae
  A dire elephant (Vaults:3)
  A deep elf demonologist (Vaults:4)
  4 bunyips
  3 ettins (Depths:1)
  A fire dragon (Depths:1)
  3 yaktaur captains
  2 shambling mangroves
  A servant of whispers (Desolation)
  A vault guard (Vaults:4)
  2 ghost crabs
  2 great orbs of eyes
  An entropy weaver (Vaults:1)
  2 hydras
  7 alligators
  7 ironbound frosthearts
  A boulder beetle (Vaults:3)
  A deep troll shaman (Depths:1)
  A death yak (Vaults:4)
  2 orc high priests (Orc:2)
  5 spriggans
  A glowing orange brain (Vaults:2)
  6 deep trolls
  2 goliath frogs
  A nameless horror (Swamp:4)
  A spriggan druid (Swamp:3)
  A swamp dragon (Swamp:1)
  2 ironbound convokers
  7 bog bodies
  2 phantasmal warriors
  2 orc knights (Orc:2)
  An alligator zombie (Swamp:4)
  5 lindwurms
  An ugly thing (Vaults:3)
  2 orc sorcerers (Orc:2)
  A will-o-the-wisp (Swamp:1)
  3 kobold blastminers
  An ice statue (Spider:2)
  A guardian serpent (Desolation)
  A spectral spriggan (Swamp:1)
  5 vault sentinels
  A swamp worm zombie (Swamp:4)
  6 yaktaurs
  A human zombie (Vaults:2)
  A golden dragon simulacrum (Vaults:4)
  3 freezing wraiths (Swamp:1)
  A komodo dragon (Lair:5)
  2 hydra zombies (Swamp:4)
  2 trolls
  3 bloated husks
  2 tyrant leeches (Swamp:3)
  6 saltlings (Desolation)
  3 spectral swamp dragons (Swamp:4)
  4 hornets
  A glass eye (Depths:1)
  8 slime creatures
  4 jumping spiders
  2 basilisks (Lair:5)
  A steam dragon (Lair:5)
  A redback (Spider:1)
  5 vampire mosquitoes
  6 swamp worms
  A warg (Orc:2)
  A hell hound (Lair:5)
  An ogre skeleton (Vaults:2)
  3 swamp drakes (Swamp:1)
  5 orc warriors
  A swamp dragon zombie (Swamp:4)
  3 ogres
  4 phantoms (Swamp:4)
  3 orc priests (Orc:2)
  2 spectral swamp drakes (Swamp:4)
  6 orc wizards
  A white imp (Vaults:4)
  13 orcs
248 creatures vanquished.

Vanquished Creatures (others)
  An ironbound preserver (Vaults:3)
  2 ironbound thunderhulks
  An alligator (Swamp:3)
  A radroach (Spider:3)
  An alligator zombie (Swamp:4)
  An ironbound convoker (Vaults:3)
  A phantasmal warrior (Swamp:4)
  A wolf spider (Spider:1)
  6 bloated husks
  A hydra zombie (Swamp:4)
  A kobold brigand (D:8)
  An orc priest (Orc:2)
  A swamp drake zombie (Swamp:4)
  An orc (Orc:2)
  20 foxfires
  97 fulminant prisms
  2 starspawn tentacles (Lair:2)
139 creatures vanquished.

Grand Total: 1460 creatures vanquished

Notes
Turn   | Place    | Note
-------+----------+-------------------------------------------
     0 | D:1      | night the Demigod Conjurer began the quest for the Orb.
     0 | D:1      | Reached XP level 1. HP: 14/14 MP: 5/5
    24 | D:1      | Reached skill level 2 in Spellcasting
    66 | D:1      | Reached XP level 2. HP: 20/20 MP: 4/7
    69 | D:1      | Learned a level 2 spell: Searing Ray
  1271 | D:2      | Reached XP level 3. HP: 26/26 MP: 4/9
  2335 | D:3      | Found Asoahi Piuru's Armour Boutique.
  2342 | D:3      | Noticed Sigmund
  2458 | D:3      | Killed Sigmund
  2459 | D:3      | Reached skill level 5 in Conjurations
  2459 | D:3      | Reached XP level 4. HP: 33/33 MP: 0/12
  2459 | D:3      | Reached XP level 5. HP: 38/38 MP: 0/13
  3268 | D:3      | Noticed Mll's ghost (amateur GrBe)
  3270 | D:3      | Found a runed translucent door.
  3434 | D:3      | Learned a level 4 spell: Iskenderun's Mystic Blast
  3439 | D:3      | Learned a level 4 spell: Fulminant Prism
  3759 | D:4      | Noticed an ogre
  3772 | D:4      | Killed an ogre
  3773 | D:4      | Reached skill level 2 in Dodging
  3773 | D:4      | Reached XP level 6. HP: 46/46 MP: 10/15
  4223 | D:4      | Noticed Eustachio
  4238 | D:4      | Killed Eustachio
  4239 | D:4      | Reached skill level 1 in Fighting
  4239 | D:4      | Reached skill level 1 in Hexes
  4239 | D:4      | Reached skill level 1 in Translocations
  4342 | D:4      | Noticed Menkaure
  4347 | D:4      | Killed Menkaure
  4348 | D:4      | Reached XP level 7. HP: 52/52 MP: 10/16
  4915 | D:5      | Entered Level 5 of the Dungeon
  4915 | D:5      | Noticed Dowan
  4916 | D:5      | Noticed Duvessa
  5032 | D:5      | Killed Dowan
  5034 | D:5      | Killed Duvessa
  5035 | D:5      | Reached skill level 2 in Fighting
  5037 | D:4      | HP: 3/55 [ice beast (11)]
  5224 | D:5      | Reached skill level 2 in Hexes
  5224 | D:5      | Reached skill level 2 in Translocations
  5391 | D:5      | Noticed Grinder
  5397 | D:5      | Killed Grinder
  5504 | D:5      | Noticed Blork the orc
  5516 | D:5      | Killed Blork the orc
  5517 | D:5      | Reached XP level 8. HP: 21/62 MP: 5/18
  5654 | D:5      | Found a runed translucent door.
  5656 | D:5      | Found a runed translucent door.
  5736 | D:5      | Noticed Edmund
  5749 | D:5      | Killed Edmund
  5750 | D:5      | Reached skill level 5 in Spellcasting
  6916 | D:6      | Noticed Prince Ribbit
  6925 | D:6      | Killed Prince Ribbit
  7076 | D:6      | Found a staircase to the Ecumenical Temple.
  7091 | Temple   | Entered the Ecumenical Temple
  7979 | D:7      | Noticed Maurice
  8001 | D:7      | HP: 9/67 [killer bee (6)]
  8004 | D:7      | Killed Maurice
  8005 | D:7      | Reached skill level 5 in Dodging
  8005 | D:7      | Reached XP level 9. HP: 8/72 MP: 17/21
  8262 | D:7      | Reached skill level 5 in Fighting
  8384 | D:7      | Learned a level 7 spell: Orb of Destruction
  9489 | D:8      | Found a transporter.
  9490 | D:8      | Found a transporter.
  9492 | D:8      | Found a transporter.
  9587 | D:8      | Found a transporter.
 10620 | D:8      | Noticed Erica
 10632 | D:8      | Killed Erica
 10633 | D:8      | Reached XP level 10. HP: 39/84 MP: 9/24
 11296 | D:9      | Found a flagged portal.
 11304 | Bailey   | Entered a bailey
 11333 | Bailey   | Learned a level 3 spell: Mephitic Cloud
 11515 | Bailey   | Identified the +1 plate armour of Sunlight {Rampage rElec
                  | rF+ Int+3}
 12410 | D:9      | Found a staircase to the Orcish Mines.
 12807 | D:10     | Entered Level 10 of the Dungeon
 12810 | D:10     | Got Esoteric Knowledge Continued
 13174 | D:10     | Reached XP level 11. HP: 93/94 MP: 27/27
 13194 | D:10     | Noticed a two-headed ogre
 13211 | D:10     | Killed a two-headed ogre
 13521 | D:10     | Noticed a two-headed ogre
 13550 | D:10     | Killed a two-headed ogre
 13551 | D:10     | Reached skill level 10 in Conjurations
 13887 | D:10     | Found a staircase to the Lair.
 14263 | Lair:1   | Entered Level 1 of the Lair of Beasts
 14265 | Lair:1   | Noticed Urug
 14325 | Lair:1   | Noticed a catoblepas
 14336 | Lair:1   | Killed Urug
 14589 | Lair:1   | Killed a catoblepas
 14972 | Lair:1   | Identified the +1 mace "Beetlebane" {heavy, rElec}
 15018 | Lair:1   | Noticed Joseph
 15025 | Lair:1   | Killed Joseph
 15217 | Lair:1   | Learned a level 7 spell: Spellforged Servitor
 15394 | Lair:1   | Identified the +0 robe of Daffodils {Dex+3}
 16170 | Lair:2   | Reached skill level 1 in Summonings
 16891 | Lair:2   | Noticed a skyshark
 16900 | Lair:2   | Killed a skyshark
 16901 | Lair:2   | Reached skill level 2 in Summonings
 17111 | Lair:2   | Reached XP level 12. HP: 84/106 MP: 26/30
 17192 | Lair:2   | Found a hole to the Spider Nest.
 18140 | Lair:3   | Noticed a six-headed hydra
 18155 | Lair:3   | Killed a six-headed hydra
 18156 | Lair:3   | Reached skill level 10 in Spellcasting
 18167 | Lair:3   | Reached skill level 10 in Fighting
 18803 | Lair:3   | Found a staircase to the Swamp.
 18803 | Lair:3   | Noticed an eleionoma
 18809 | Lair:3   | Killed an eleionoma
 18906 | Lair:3   | Noticed a boulder beetle
 18926 | Lair:3   | Killed a boulder beetle
 19820 | Lair:4   | Found a staircase to the Slime Pits.
 20576 | Lair:5   | Entered Level 5 of the Lair of Beasts
 20576 | Lair:5   | Noticed a boulder beetle
 20586 | Lair:5   | Killed a boulder beetle
 20704 | Lair:5   | Reached skill level 5 in Summonings
 20931 | Lair:5   | Reached skill level 12 in Conjurations
 20942 | Lair:5   | HP: 13/108 [cane toad (7)]
 21064 | Lair:5   | Reached XP level 13. HP: 65/115 MP: 1/32
 21850 | Lair:5   | HP: 17/116 [poisoned by a black mamba]
 22403 | Lair:5   | Identified a scroll of acquirement
 22404 | Lair:5   | Acquired a staff of conjuration
 22614 | Lair:5   | HP: 16/116 [poisoned by a black mamba]
 22619 | Lair:5   | HP: 9/116 [poisoned by a black mamba]
 23595 | Lair:5   | Found a large runed translucent door.
 23703 | Lair:5   | Found a large runed translucent door.
 25396 | D:11     | Reached skill level 1 in Shields
 26541 | D:12     | Identified the +4 ring mail of Avumot Cegia {Rampage Fly
                  | Regen+ SInv}
 26595 | D:12     | Reached skill level 2 in Shields
 26753 | D:12     | Reached skill level 1 in Armour
 26897 | D:12     | Reached XP level 14. HP: 95/125 MP: 25/34
 27086 | D:12     | Reached skill level 2 in Armour
 29091 | D:14     | Identified the +0 falchion "Gexzaf" {flame, rPois rC++}
 29331 | D:14     | Reached skill level 5 in Shields
 29393 | D:14     | Reached skill level 5 in Armour
 29788 | D:14     | Found a gate to the Vaults.
 29788 | D:14     | Noticed a sphinx
 29799 | D:14     | Killed a sphinx
 30001 | D:14     | Found a portal to a secret trove of treasure.
 30161 | D:15     | Entered Level 15 of the Dungeon
 30410 | D:15     | Noticed Agnes
 30731 | D:14     | Killed Agnes
 30918 | D:15     | Noticed Rupert
 31035 | D:15     | Killed Rupert
 31187 | D:15     | Reached skill level 1 in Evocations
 31347 | D:15     | Reached skill level 12 in Fighting
 31453 | D:15     | Found a staircase to the Depths.
 31484 | D:15     | Noticed Azrael
 31744 | D:14     | Reached skill level 2 in Evocations
 31964 | D:15     | Killed Azrael
 32085 | D:15     | Found Roraamn's Weapon Shoppe.
 32173 | D:15     | Noticed Kirke
 32310 | D:15     | Killed Kirke
 32465 | D:14     | Upgraded the game from 0.31-a0-1202-ga8fea8b373 to
                  | 0.31-a0-1206-g41278d8d1d
 32614 | Orc:1    | Entered Level 1 of the Orcish Mines
 33153 | Orc:2    | Entered Level 2 of the Orcish Mines
 33212 | Orc:2    | Found a staircase to the Elven Halls.
 33894 | Orc:2    | Reached XP level 15. HP: 128/133 MP: 25/36
 34027 | Orc:2    | Reached skill level 12 in Spellcasting
 34138 | Orc:2    | Found Zyzah's Armour Shop.
 34147 | Orc:2    | Bought a +1 buckler of poison resistance for 229 gold
                  | pieces
 34147 | Orc:2    | Bought a +2 pair of boots for 280 gold pieces
 34239 | Orc:2    | Reached skill level 1 in Staves
 34656 | Orc:2    | Found Azohuoq's Jewellery Shop.
 34656 | Orc:2    | Found Jekab's Book Shoppe.
 34660 | Orc:2    | Found Qisu's General Store.
 34660 | Orc:2    | Found Diddog's Weapon Shoppe.
 34862 | Orc:1    | Reached skill level 2 in Staves
 35215 | D:3      | Bought the +1 hat "Ynau" {rPois Regen+ Dex+2} for 292 gold
                  | pieces
 35472 | Orc:2    | Bought a ring of wizardry for 420 gold pieces
 35622 | Spider:1 | Entered Level 1 of the Spider Nest
 35889 | Spider:1 | Noticed Mlioglotl
 35903 | Spider:1 | Noticed a lich
 35910 | Spider:1 | Noticed a lich
 35960 | Lair:2   | Noticed a tentacled starspawn
 35984 | Lair:2   | Killed Mlioglotl
 37255 | Orc:2    | Bought a Trismegistus Codex for 286 gold pieces
 37577 | Spider:1 | Learned a level 5 spell: Freezing Cloud
 37680 | Spider:1 | Noticed Asterion
 37832 | Spider:1 | HP: 19/134 [Asterion/+0 spectral morningstar (16)]
 37833 | Spider:1 | HP: 3/134 [+0 spectral morningstar[Asterion] (8)]
 37847 | Spider:1 | Noticed Roxanne
 38024 | Spider:1 | Killed Roxanne
 38558 | Spider:1 | Killed Asterion
 38674 | Spider:2 | Reached skill level 5 in Evocations
 39496 | Spider:2 | Noticed Arachne
 39508 | Spider:2 | Killed Arachne
 39509 | Spider:2 | Reached skill level 14 in Conjurations
 41108 | Spider:3 | Reached skill level 5 in Staves
 41108 | Spider:3 | Reached XP level 16. HP: 122/144 MP: 8/38
 42272 | Spider:4 | Entered Level 4 of the Spider Nest
 42511 | Spider:4 | Noticed Louise
 42571 | Spider:4 | Killed Louise
 45018 | Spider:4 | Got a gossamer rune of Zot
 45268 | Swamp:1  | Entered Level 1 of the Swamp
 45711 | Swamp:1  | Identified the serpent talisman of Osurho {Str+6}
 45711 | Swamp:1  | Noticed Aizul
 45724 | Swamp:1  | Killed Aizul
 45796 | Swamp:1  | Noticed Jorgrun
 45987 | Swamp:1  | Killed Jorgrun
 46077 | Swamp:1  | Reached skill level 14 in Fighting
 47500 | Swamp:1  | Reached XP level 17. HP: 152/152 MP: 29/40
 47624 | Swamp:1  | Identified the +5 lajatang of Red Wine {spect, Will+ Str+3}
 49637 | Swamp:3  | Reached skill level 14 in Spellcasting
 50169 | Swamp:4  | Entered Level 4 of the Swamp
 50240 | Swamp:4  | Noticed Bai Suzhen
 50360 | Swamp:3  | Killed Bai Suzhen
 51927 | Swamp:4  | Noticed a bone dragon
 52130 | Swamp:4  | Killed a bone dragon
 52188 | Swamp:4  | Got a decaying rune of Zot
 52487 | Vaults:1 | Entered Level 1 of the Vaults
 52596 | Vaults:1 | Found a crumbling gateway.
 52608 | Desolati | Entered the Desolation of Salt
 52636 | Desolati | Reached skill level 16 in Conjurations
 53346 | Vaults:1 | Reached XP level 18. HP: 163/163 MP: 25/42
 53709 | Vaults:1 | Found Mublisu's Distillery.
 54349 | Vaults:2 | Found Foxibb's Antique Weapon Boutique.
 54444 | Vaults:2 | Found Qumuleq's Assorted Antiques.
 54469 | Vaults:2 | Reached skill level 10 in Staves
 54795 | Vaults:2 | Bought a jewelled leather armour for 231 gold pieces
 54795 | Vaults:2 | Identified the +1 leather armour "Horuu" {Dex+2} (You
                  | bought it in a shop on level 2 of the Vaults)
 54921 | Vaults:2 | Learned a level 4 spell: Olgreb's Toxic Radiance
 54925 | Vaults:2 | Learned a level 3 spell: Ignite Poison
 55303 | Vaults:2 | Reached skill level 1 in Poison Magic
 55840 | Vaults:2 | Paralysed by a formless jellyfish for 1 turns
 55944 | Vaults:2 | Reached skill level 2 in Poison Magic
 57022 | Vaults:3 | Noticed Zenata
 57032 | Vaults:3 | Killed Zenata
 57687 | Vaults:3 | Found a huge runed gate.
 57687 | Vaults:3 | Found a huge runed gate.
 57687 | Vaults:3 | Found a huge runed gate.
 57687 | Vaults:3 | Found a huge runed gate.
 57688 | Vaults:3 | Found a huge runed gate.
 57689 | Vaults:3 | Found a huge runed gate.
 57689 | Vaults:3 | Found a huge runed gate.
 57690 | Vaults:3 | Found a huge runed gate.
 57691 | Vaults:3 | Found a huge runed gate.
 57691 | Vaults:3 | Found a huge runed gate.
 57696 | Vaults:3 | Found a huge runed gate.
 57696 | Vaults:3 | Found a huge runed gate.
 57696 | Vaults:3 | Found a huge runed gate.
 57696 | Vaults:3 | Found a huge runed gate.
 57696 | Vaults:3 | Found a huge runed gate.
 57696 | Vaults:3 | Found a huge runed gate.
 57697 | Vaults:3 | Found a huge runed gate.
 57698 | Vaults:3 | Found a huge runed gate.
 57699 | Vaults:3 | Found a huge runed gate.
 57707 | Vaults:3 | Found a huge runed gate.
 57707 | Vaults:3 | Found a huge runed gate.
 57707 | Vaults:3 | Found a huge runed gate.
 57707 | Vaults:3 | Found a huge runed gate.
 57707 | Vaults:3 | Found a huge runed gate.
 57707 | Vaults:3 | Found a huge runed gate.
 57708 | Vaults:3 | Found a huge runed gate.
 57763 | Vaults:3 | Found a huge runed gate.
 57764 | Vaults:3 | Found a huge runed gate.
 57772 | Vaults:3 | Found a huge runed gate.
 57772 | Vaults:3 | Found a huge runed gate.
 57772 | Vaults:3 | Found a huge runed gate.
 57772 | Vaults:3 | Found a huge runed gate.
 57772 | Vaults:3 | Found a huge runed gate.
 57772 | Vaults:3 | Found a huge runed gate.
 57773 | Vaults:3 | Found a huge runed gate.
 57774 | Vaults:3 | Found a huge runed gate.
 57852 | Vaults:3 | Reached skill level 16 in Fighting
 58055 | Vaults:3 | Found a staircase to the Crypt.
 58460 | Vaults:3 | Noticed Nikola
 58467 | Vaults:3 | Killed Nikola
 58989 | Vaults:3 | Noticed a dread lich
 58992 | Vaults:3 | Noticed a Hell Sentinel
 59092 | Vaults:3 | Reached XP level 19. HP: 160/172 MP: 37/44
 59152 | Vaults:3 | Killed a dread lich
 59544 | Vaults:4 | Found a flickering gateway to a bazaar.
 59563 | Bazaar   | Entered a bazaar
 59625 | Bazaar   | Found Xuntaehu's Antique Weapon Boutique.
 59629 | Bazaar   | Found Fiesam's Assorted Antiques.
 59629 | Bazaar   | Found Daoqint's Magic Scroll Boutique.
 59630 | Bazaar   | Found Elor's Antique Weapon Boutique.
 59655 | Bazaar   | Bought a scroll of blinking for 232 gold pieces
 59663 | Bazaar   | Bought a scroll of fog for 64 gold pieces
 61378 | Depths:1 | Entered Level 1 of the Depths
 61521 | Depths:1 | Reached skill level 12 in Staves
 61599 | Depths:1 | You are sucked into a shaft and drop 1 floor!
 61679 | Depths:2 | Noticed the Enchantress
 62129 | Depths:1 | Reached skill level 16 in Spellcasting
 62609 | Depths:1 | Learned a level 6 spell: Starburst
 62726 | Depths:1 | Found a gateway to Hell.
 63768 | Depths:1 | Upgraded the game from 0.31-a0-1206-g41278d8d1d to
                  | 0.31-a0-1225-g50297eb6a4
 64116 | Depths:2 | HP: 11/177 [spriggan defender/+1 heavy flail[the
                  | Enchantress] (20)]
 64123 | Depths:2 | Killed from afar by a spriggan air mage

Illustrated notes

Levels and vault maps discovered:
D:1:      lemuel_arrival_room, layout_basic
D:2:      layout_basic, basic_altar, minmay_misc_feat_cross
D:3:      layout_loops_corners, nicolae_ru_the_path_less_chosen,
          hellmonk_sif_muna_bookshelves, serial_shops, shop,
          ebering_ecumenical_altar_sacrificial, hellmonk_ghost_happy_afterlife,
          uniq_sigmund
D:4:      layout_gridville, overflow_temple_1_default, minmay_pentomino_pile,
          uniq_eustachio, uniq_menkaure
D:5:      lemuel_insect_pit, layout_loops_ring,
          mainiacjoe_sewer_entry_somewhere_in_here_2, corexii_corridor_pit,
          uniq_duvessa, uniq_blork_the_orc, uniq_edmund, uniq_grinder
D:6:      layout_loops_ring, mainiacjoe_overflow_paths,
          okawaru_metal_pillars_1_2, minmay_temple_entry_antechambers,
          minmay_misc_feat_room, nicolae_houndstooth_variations,
          uniq_prince_ribbit1
D:7:      layout_basic, mainiacjoe_overflow_chevrons, uniq_maurice
D:8:      layout_basic, nicolae_diode_quadrants, uniq_erica
D:9:      layout_roguey, lightli_temple_of_fire, minitemple, orc_0_dummy,
          enter_bailey_4
D:10:     layout_big_octagon, xom_teletrap_fun, hellmonk_lair_entry_icy,
          serial_column_ruins, column_ruins_square_medium,
          column_ruins_corridor_T, column_ruins_open_tiny,
          column_ruins_open_small, column_ruins_grid_4,
          column_ruins_columns_plus, column_ruins_grid_1, grunt_tough_drop
D:11:     layout_roguey
D:12:     layout_loops_cross
D:13:     layout_loops_ring
D:14:     layout_basic, hellmonk_vaults_attempted_burglary, enter_trove_6
D:15:     gammafunk_depths_entry_grave, layout_rooms, serial_shops,
          nicolae_shop_pleasant_corner_grove, palyth_stone_intersect,
          uniq_azrael, uniq_agnes, uniq_rupert, uniq_kirke
Temple:   grunt_temple_mini_profane
Lair:1:   layout_cave_pods, grunt_megastairs_1, serial_bayou_shore_a,
          uniq_joseph, uniq_urug
Lair:2:   layout_roguey, hellmonk_spider_entry_life_and_decay, lemuel_fruit_tree
Lair:3:   layout_loops_ring, alex1729_swamp_entry_worm_eleionoma,
          grunt_megastairs_2, infiniplex_staircase_pool
Lair:4:   gammafunk_indiana_jones, layout_cellular_growth, slime_entry_1,
          minivault_11, lemuel_fruit_fields
Lair:5:   cheibrodos_lair_end_hotspot, layout_regular_city, serial_rivers,
          chequers_serial_rivers_micro_a, chequers_serial_rivers_room_a,
          chequers_serial_rivers_micro_b, chequers_serial_rivers_micro_e,
          serial_bayou_crossing, serial_bayou_shore_b
Swamp:1:  nicolae_swamp_flooded_prison, layout_falls_marsh,
          evilmike_swamp_ruin_house_6, swamp_pool_5,
          infiniplex_staircase_pool_2, uniq_jorgrun, uniq_aizul
Swamp:2:  layout_basic_swamp, evilmike_swamp_ruin_house_2, swamp_pool_1_2
Swamp:3:  nicolae_swamp_wrong_neighborhood, layout_falls_marsh,
          nicolae_swamp_ascending_descending
Swamp:4:  swamp_pestilence, layout_basic_swamp, swamp_pool_1_2, uniq_bai_suzhen
Spider:1: layout_spider_delve, uniq_roxanne, uniq_mlioglotl, uniq_asterion
Spider:2: layout_spider_delve, portal_ice_cave_entry_ice_statue_two,
          uniq_arachne
Spider:3: layout_spider_delve, nicolae_spider_altar_of_dancing,
          hangedman_spider_tarantella_strand
Spider:4: grunt_spider_rune_circles, uniq_louise
Orc:1:    layout_caves, abandoned_shop, statue_in_the_mist_lemuel
Orc:2:    grunt_orc_tribal_feast, layout_diamond_mine, serial_shops, shop,
          lemuel_statue_altar
Vaults:1: portal_desolation_entry_ruin, nicolae_vaults_hexular_roomagon,
          serial_library_hellmonk_semicircle, dpeg_vaults_monster_box, v_misc_3,
          v_misc_29, nicolae_vaults_little_guard_posts, v_misc_33,
          nicolae_vaults_closet_pinwheel_5, nicolae_vaults_prndl,
          serial_library_hellmonk_open_cross, nicolae_vaults_house_2, v_misc_11,
          layout_vaults_omnibox, serial_shops, nicolae_shop_industrial_runoff
Vaults:2: nicolae_vaults_tetromino_L_2, vaults_dpeg_diagonal,
          nicolae_vaults_tetromino_L_2, nicolae_vaults_surprise_closet,
          v_rooms_4, ontoclasm_vaults_ring_square, v_alt_pattern_1,
          nicolae_vaults_apartment_1, ontoclasm_vaults_eye,
          nicolae_vaults_little_ls, nicolae_vaults_stepped_doors,
          layout_vaults_big_room, serial_shops, shop, shop
Vaults:3: minmay_crypt_entry_simple_statues, door_vault, ontoclasm_vaults_fault,
          nicolae_vaults_apartment_2, grunt_vaults_focal,
          vaults_mumra_minichess, nicolae_vaults_closet_pinwheel_2,
          nicolae_vaults_wine_cellar, hangedman_vaults_maws, v_rooms_1,
          vaults_mumra_hex, nicolae_vaults_lightning_bolt,
          layout_vaults_omnicross, uniq_zenata, uniq_nikola
Vaults:4: nicolae_vaults_heist, nicolae_vaults_network_barrier,
          ontoclasm_vaults_gateway, nicolae_vaults_sealed_display, serial_ice_b,
          nicolae_vaults_heart-shaped_vault, v_misc_16, nicolae_vaults_meeting,
          layout_vaults_maze, serial_shops, bzr_entry_safe
Depths:1: layout_honeycomb, hell_entry,
          hangedman_abyss_or_decor_jellyfish_corner, minmay_hedge_maze,
          kennysheep_generic_room_14
Depths:2: kennysheep_blocky_room, layout_cave_shapes, enter_ziggurat_d,
          special_room [special_room_morgue], hangedman_decor_clover_reticule,
          pf_dread_powers_of_hell, grunt_pan_entry_zigzag, drop_trap,
          laboratory, uniq_enchantress, uniq_grunn

Skill      XL: |  1  2  3  4  5  6  7  8  9 10 11 12 13 14 15 16 17 18 19 |
---------------+----------------------------------------------------------+-----
Spellcasting   | 2 3 4 6 7 8 9 10 11 12 13 14 15 16 | 16.3
Conjurations   | 4 5 6 7 8 9 11 12 13 14 15 16 17 | 17.9
Dodging        | 2 3 5 |  5.4
Fighting       | 1 2 4 6 7 9 10 11 12 13 14 15 16 17 | 17.2
Hexes          | 1 2 3 |  3.4
Translocations | 1 2 |  2.0
Summonings     | 2 5 7 8 |  8.0
Shields        | 2 5 |  5.0
Armour         | 1 7 |  7.0
Evocations     | 3 5 7 |  7.0
Staves         | 5 7 9 11 12 | 12.0
Poison Magic   | 4 |  4.0
Stealth        | |  1.7
Fire Magic     | |  0.8

Action                     |  1- 3 |  4- 6 |  7- 9 | 10-12 | 13-15 | 16-18 | 19-21 || total
---------------------------+-------+-------+-------+-------+-------+-------+-------++-------
  Melee: Dagger            |       |    12 |    48 |    40 |       |       |       ||   100
         Punch             |       |       |     1 |     2 |     2 |       |       ||     5
         Scimitar          |       |       |       |    50 |    50 |       |       ||   100
         Staff             |       |       |       |       |   184 |   477 |    71 ||   732
   Cast: Magic Dart        |    65 |    53 |   133 |    47 |     7 |       |       ||   305
         Searing Ray       |     3 |     9 |    43 |    28 |     6 |     1 |       ||    90
         Iskenderun's Myst |       |       |    20 |   161 |   257 |   226 |    62 ||   726
         Fulminant Prism   |       |       |    23 |    49 |    31 |       |       ||   103
         Mephitic Cloud    |       |       |       |     4 |     3 |       |       ||     7
         Orb of Destructio |       |       |       |    28 |   170 |   118 |     6 ||   322
         Spellforged Servi |       |       |       |       |    30 |    95 |    39 ||   164
         Freezing Cloud    |       |       |       |       |    22 |    36 |    14 ||    72
         Ignite Poison     |       |       |       |       |       |    14 |    16 ||    30
         Olgreb's Toxic Ra |       |       |       |       |       |    12 |    16 ||    28
         Starburst         |       |       |       |       |       |       |     4 ||     4
  Evoke: Wand              |       |       |       |     3 |     6 |     4 |       ||    13
         Condenser vane    |       |       |       |       |       |     2 |       ||     2
    Use: Potion            |       |       |     9 |     2 |     2 |     2 |       ||    15
         Scroll            |       |       |     9 |     5 |    16 |    13 |     5 ||    48
   Stab: Sleeping          |       |       |       |     2 |       |       |       ||     2
         Confused          |       |       |       |     1 |       |       |       ||     1
         Distracted        |       |       |       |       |       |     7 |       ||     7
 Armour: Robe              |     4 |    27 |    92 |   157 |    60 |       |       ||   340
         Skin              |       |       |    27 |       |       |       |       ||    27
         Steam dragon scal |       |       |       |       |   223 |       |       ||   223
         Ring mail         |       |       |       |       |   274 |   762 |   152 ||  1188
  Dodge: Dodged            |    11 |    24 |   106 |   132 |   315 |   286 |    57 ||   931
  Block: Other             |       |       |    37 |    55 |    62 |       |       ||   154
         Reflection        |       |       |     6 |     5 |    11 |    18 |    15 ||    55
         Buckler           |       |       |       |       |   175 |   402 |    68 ||   645

Table legend: (Time is in decaauts)
 A = Elapsed time spent in this place.
 B = Non-inter-level travel time spent in this place.
 C = Inter-level travel time spent in this place.
 D = Time resting spent in this place.
 E = Time spent auto-exploring this place.
 F = Levels seen in this place.
 G = Mean time per level.
                   A        B        C        D        E       F      G
               +--------+--------+--------+--------+--------+-----+--------+
         Total |  64272 |  60256 |   4016 |  21359 |  28398 |  40 | 1606.8 |
       Dungeon |  22653 |  21175 |   1478 |   6042 |  12345 |  15 | 1510.2 |
        Temple |      1 |      1 |      0 |      0 |      0 |   1 |    1.0 |
          Lair |  11129 |  10405 |    724 |   4055 |   5033 |   5 | 2225.8 |
         Swamp |   7021 |   6679 |    342 |   2342 |   2510 |   4 | 1755.2 |
   Spider Nest |   8648 |   8180 |    468 |   4297 |   2205 |   4 | 2162.0 |
  Orcish Mines |   2656 |   2368 |    288 |    704 |   1198 |   2 | 1328.0 |
        Vaults |   8685 |   8197 |    488 |   2904 |   3625 |   4 | 2171.2 |
        Depths |   2731 |   2506 |    225 |    788 |   1210 |   2 | 1365.5 |
        Bazaar |    120 |    120 |      0 |     60 |     24 |   1 |  120.0 |
        Bailey |    592 |    592 |      0 |    167 |    247 |   1 |  592.0 |
    Desolation |     31 |     31 |      0 |      0 |      0 |   1 |   31.0 |
               +--------+--------+--------+--------+--------+-----+--------+

Top non-repeatable levels by time:
  Lair:5: 3331 daAuts
Vaults:3: 2974 daAuts
    D:14: 2925 daAuts
 Swamp:1: 2620 daAuts
Depths:1: 2526 daAuts
Spider:4: 2457 daAuts
  Lair:2: 2371 daAuts
Spider:1: 2229 daAuts
Spider:3: 2213 daAuts
Vaults:1: 2069 daAuts
Vaults:2: 1995 daAuts
   Orc:2: 1877 daAuts
  Lair:1: 1866 daAuts
     D:8: 1829 daAuts
  Lair:4: 1818 daAuts
